Map: Abiogenesis LE

Players

SALTKING - Winner!

  • Race: Zerg Zerg
  • League: Master
  • Spawn Location: 5:00

VOD

Have the link to the VOD?

Description

Time

  • Played on: March 27, 2018, 5:16 a.m.
  • Length: 6:39
Show
View Real Time Build Order
Export as new Build Order

SALTKING Zerg - Winner!

Build Orders: Hatch First 

Get SALT Encoding   

  12  0:02  Drone  
  12  0:12  Overlord  
  12  0:17  Drone  
  12  0:31  Drone x2  
  12  0:35  Drone  
  12  0:52  Hatchery  
  12  0:55  Drone  
  12  0:58  Drone  
  12  1:19  Hatchery  
  12  1:21  Drone  
  12  1:25  Drone  
  12  1:46  Hatchery  
  12  1:47  Drone  
  12  2:01  Spawning Pool  
  12  2:03  Drone  
  12  2:06  Drone  
  12  2:10  Drone  
  12  2:12  Drone  
  12  2:15  Drone  
  12  2:18  Drone  
  12  2:25  Drone  
  12  2:26  Drone  
  12  2:32  Drone  
  12  2:36  Drone  
  12  2:37  Drone  
  12  2:42  Drone  
  12  2:46  Drone  
  12  2:48  Queen  
  12  2:52  Drone  
  12  2:56  Overlord  
  12  2:57  Queen  
  12  3:01  Queen  
  12  3:03  Drone  
  12  3:05  Drone  
  12  3:13  Overlord, Queen  
  12  3:16  Overlord  
  12  3:18  Drone  
  12  3:20  Drone  
  12  3:21  Drone  
  12  3:23  Drone  
  12  3:26  Drone x2  
  12  3:29  Overlord  
  12  3:32  Overlord  
  12  3:35  Drone x2  
  12  3:37  Drone  
  12  3:39  Drone  
  12  3:40  Drone  
  12  3:41  Drone  
  12  3:43  Drone  
  12  3:46  Drone  
  12  3:51  Drone  
  12  3:52  Drone  
  12  3:53  Drone  
  12  3:57  Extractor  
  12  3:58  Drone x2  
  12  3:59  Extractor, Overlord x2  
  12  4:02  Queen, Drone  
  12  4:04  Drone  
  12  4:05  Drone  
  12  4:06  Drone  
  12  4:07  Drone  
  12  4:09  Drone x2  
  12  4:10  Drone  
  12  4:12  Drone  
  12  4:14  Drone  
  12  4:15  Extractor, Drone  
  12  4:16  Drone  
  12  4:17  Extractor  
  12  4:20  Drone  
  12  4:21  Drone  
  12  4:22  Drone x2  
  12  4:25  Extractor, Drone  
  12  4:26  Drone  
  12  4:27  Drone  
  12  4:29  Roach Warren  
  12  4:32  Drone  
  12  4:37  Queen  
  12  4:39  Queen  
  12  4:40  Queen  
  12  4:41  Queen  
  12  4:43  Overlord  
  12  4:56  Overlord x2  
  12  4:57  Overlord x5  
  12  5:09  Roach x6  
  12  5:10  Roach x2  
  12  5:11  Roach  
  12  5:16  Queen  
  12  5:17  Queen  
  12  5:20  Roach x2  
  12  5:21  Roach  
  12  5:23  Roach  
  12  5:24  Roach  
  12  5:26  Roach  
  12  5:27  Roach  
  12  5:29  Roach  
  12  5:32  Roach x2  
  12  5:33  Roach  
  12  5:35  Roach  
  12  5:36  Roach  
  12  5:38  Roach  
  12  5:47  Roach  
  12  5:48  Roach x5  
  12  5:49  Roach  
  12  5:50  Roach  
  12  5:52  Roach  
  12  5:54  Overlord  
  12  5:55  Overlord  
  12  5:57  Overlord  
  12  5:59  Overlord  
  12  6:02  Overlord  
  12  6:04  Roach  
  12  6:05  Roach  
  12  6:06  Roach  
  12  6:13  Roach x3  
  12  6:14  Roach x2  
  12  6:16  Roach  
  12  6:18  Roach  
  12  6:19  Roach  
Tags
 
Add a new tag
Caveats
  • Supply blocks, unpowered buildings, or Contaminate may cause inaccurate times.
  • Supply counts are checked every 10 seconds.